Map: Ephemeron LE

Players

Mez - Winner!

  • Race: Terran Terran
  • League: Master
  • Spawn Location: 11:00

Frost

  • Race: Zerg Zerg
  • League: Master
  • Spawn Location: 5:00

VOD

Have the link to the VOD?

Description

Time

  • Played on: Aug. 22, 2019, 6:28 p.m.
  • Length: 12:53
Show
View Real Time Build Order
Export as new Build Order

Mez Terran - Winner!

Build Orders: Reaper Expand 

Get SALT Encoding   

  12  0:00  SCV  
  13  0:12  SCV  
  14  0:17  Supply Depot  
  14  0:25  SCV  
  15  0:38  SCV  
  15  0:40  Barracks  
  16  0:44  Refinery  
  16  0:50  SCV  
  17  1:03  SCV  
  18  1:15  SCV  
  19  1:28  Orbital Command, Reaper  
  20  1:41  Command Center  
  20  1:51  Supply Depot  
  20  1:54  SCV  
  20  2:00  Marine  
  22  2:09  SCV  
  22  2:14  Factory  
  23  2:17  Refinery  
  23  2:22  Barracks Reactor  
  23  2:38  SCV  
  24  2:50  SCV  
  25  2:57  Orbital Command  
  25  3:09  Starport  
  25  3:15  Starport  
  25  3:16  SCV  
  26  3:20  Hellion x2, Barracks Tech Lab  
  26  3:24  Supply Depot  
  26  3:25  SCV  
  31  3:28  SCV  
  30  3:37  SCV  
  30  3:40  Marine, SCV  
  33  3:43  Hellion x2  
  37  3:49  SCV  
  37  3:50  Supply Depot  
  37  3:52  SCV  
  37  3:53  Viking  
  41  3:59  Marine  
  41  4:01  SCV  
  43  4:04  SCV  
  43  4:05  Supply Depot  
  44  4:13  SCV  
  44  4:15  Stimpack  
  45  4:17  SCV  
  46  4:25  SCV  
  46  4:28  Factory Reactor  
  46  4:29  Barracks, Starport Reactor  
  47  4:32  Barracks  
  47  4:36  SCV  
  47  4:38  SCV  
  49  4:39  Supply Depot  
  49  4:43  Command Center  
  49  4:48  SCV  
  49  4:49  Supply Depot  
  49  4:50  SCV  
  49  4:51  Marine  
  52  5:00  SCV  
  52  5:02  SCV  
  54  5:09  Marine  
  53  5:19  Marine x2  
  55  5:23  Medivac x2  
  55  5:24  SCV x2  
  55  5:27  Marine  
  55  5:29  Factory Tech Lab  
  55  5:31  Supply Depot  
  55  5:34  Marine x2, Engineering Bay  
  55  5:35  Engineering Bay  
  57  5:36  SCV x2  
  57  5:37  Marine  
  57  5:38  Marine  
  57  5:41  Refinery  
  57  5:42  Refinery  
  61  5:49  Siege Tank  
  64  5:54  Combat Shield  
  64  5:58  Marine x3  
  64  6:03  SCV x2  
  69  6:05  Marine x2  
  71  6:13  Supply Depot  
  71  6:15  Marine  
  71  6:16  Marine x2  
  71  6:18  Medivac x2  
  78  6:23  Barracks  
  78  6:25  Barracks  
  78  6:26  Marine  
  76  6:34  Marine x2, Siege Tank  
  76  6:36  Command Center  
  76  6:37  Marine x2  
  81  6:53  Marine x3  
  82  6:54  Marine  
  82  6:55  Marine, Medivac  
  86  7:03  SCV  
  86  7:04  Medivac  
  84  7:08  SCV  
  84  7:12  Supply Depot  
  84  7:13  Barracks Reactor x2  
  84  7:15  SCV  
  85  7:20  Marine  
  86  7:33  Marine x4, Siege Tank, SCV  
  86  7:34  Supply Depot  
  94  7:37  Marine  
  95  7:51  Marine x4  
  95  7:57  Marine  
  95  7:58  Marine x3  
  102  8:00  Terran Infantry Armor Level 1, Terran Infantry Weapons Level 1  
  102  8:02  Factory, Armory  
  102  8:03  Marine  
  103  8:09  Marine x2  
  105  8:14  Marine  
  105  8:15  Marine x2  
  105  8:18  SCV x2  
  111  8:23  Supply Depot  
  111  8:26  Marine x3, Supply Depot  
  113  8:30  Supply Depot  
  113  8:39  Marine x5  
  118  8:43  Siege Tank  
  121  8:56  Marine x2  
  121  8:58  Orbital Command  
  121  8:59  SCV  
  123  9:08  Factory Tech Lab  
  123  9:10  Marine  
  123  9:11  Marine x4  
  127  9:18  Supply Depot  
  127  9:20  Supply Depot  
  127  9:23  Marine x4  
  131  9:28  Siege Tank  
  134  9:32  SCV x2  
  134  9:33  SCV  
  137  9:40  Terran Vehicle Weapons Level 1  
  137  9:44  SCV  
  134  9:47  Marine x2  
  134  9:48  Marine x7  
  138  9:57  SCV x3  
  138  9:59  Supply Depot  
  139  10:00  Supply Depot  
  139  10:02  Medivac x2  
  143  10:08  Siege Tank x2  
  149  10:17  Marine x6  
  149  10:18  Marine x3  
  157  10:35  Marine x6  
  158  10:37  Marine x3  
  158  10:40  Siege Tank  
  169  10:43  Barracks  
  169  10:44  Barracks  
  169  10:45  Barracks  
  167  10:55  Marine x8  
  167  10:56  Siege Tank  
  178  11:14  Marine x3  
  181  11:30  Marine  
  181  11:31  Marine  
  181  11:32  Marine x3, Siege Tank  
  181  11:34  Marine x3  
  181  11:35  Marine  
  181  11:37  Siege Tank  
  150  11:55  Marine x2  
  150  11:57  Marine  
  150  11:58  Marine x3  
  150  11:59  Marine x3  
  144  12:04  Siege Tank, SCV x3  
  139  12:09  Siege Tank, Barracks Tech Lab x3  
  139  12:11  Medivac x2  
  144  12:16  Supply Depot  
  144  12:17  Supply Depot  
  144  12:18  Marine, SCV x3  
  144  12:19  Supply Depot  
  148  12:25  Supply Depot  
  147  12:30  SCV x2  
Show
View Real Time Build Order
Export as new Build Order

Frost Zerg 

Build Orders: Hatch First 

Get SALT Encoding   

  12  0:00  Drone  
  13  0:12  Overlord  
  13  0:21  Drone  
  14  0:31  Drone x2  
  16  0:51  Hatchery  
  16  0:53  Drone  
  16  1:00  Drone x2  
  18  1:11  Drone  
  18  1:14  Extractor  
  18  1:19  Spawning Pool  
  18  1:21  Drone  
  18  1:28  Drone  
  19  1:41  Drone  
  20  1:57  Drone  
  21  2:02  Drone  
  21  2:05  Queen  
  21  2:06  Queen  
  21  2:07  Zergling x2  
  27  2:11  Zergling x2  
  27  2:14  Metabolic Boost  
  28  2:18  Overlord  
  28  2:38  Drone x3  
  31  2:44  Queen  
  31  2:46  Drone x2  
  36  2:58  Drone  
  36  3:10  Overlord x2  
  36  3:21  Overlord  
  36  3:31  Hatchery  
  35  3:35  Drone x6  
  41  3:48  Overlord x2  
  41  3:53  Queen  
  43  4:06  Overlord x2  
  43  4:07  Drone  
  43  4:08  Drone x4  
  48  4:11  Lair  
  48  4:25  Spore Crawler  
  48  4:27  Zergling x14  
  54  4:41  Queen  
  56  4:57  Drone x10  
  63  5:17  Drone x8  
  70  5:33  Spore Crawler  
  70  5:34  Spore Crawler  
  68  5:37  Spore Crawler  
  68  5:38  Spore Crawler, Drone  
  68  5:39  Spore Crawler, Drone x8  
  74  5:46  Spore Crawler  
  74  5:49  Extractor  
  72  5:50  Extractor  
  72  5:55  Evolution Chamber  
  70  5:58  Evolution Chamber  
  70  6:01  Drone x2  
  70  6:02  Drone x2  
  73  6:12  Zergling x2  
  73  6:13  Zergling x16  
  82  6:22  Baneling Nest  
  82  6:24  Zerg Ground Armor Level 1, Zerg Melee Weapons Level 1  
  80  6:29  Zergling x6  
  79  6:40  Hydralisk Den  
  79  6:44  Zergling x6  
  79  6:45  Zergling x6  
  79  6:51  Overlord  
  79  6:52  Overlord x3  
  79  6:53  Zergling x4  
  79  7:05  Zergling x2  
  79  7:06  Zergling x8  
  78  7:24  Drone  
  78  7:25  Drone x5  
  78  7:27  Grooved Spines  
  78  7:29  Centrifical Hooks  
  84  7:34  Extractor  
  84  7:35  Drone x3  
  84  7:36  Drone x3  
  84  7:37  Drone  
  90  7:43  Extractor x2  
  90  7:48  Zergling x2  
  90  7:49  Zergling x14  
  97  7:52  Baneling x5  
  95  7:58  Baneling  
  95  7:59  Baneling x8  
  95  8:01  Baneling x4  
  95  8:02  Zergling x12  
  99  8:09  Zergling x4  
  99  8:12  Extractor  
  99  8:14  Extractor  
  99  8:15  Hatchery  
  99  8:17  Hydralisk  
  99  8:18  Hydralisk, Zerg Missile Weapons Level 1  
  99  8:19  Hydralisk  
  103  8:31  Hatchery  
  102  8:37  Drone x2  
  102  8:38  Muscular Augments, Drone x3  
  107  8:41  Overlord  
  107  8:44  Baneling x6  
  107  9:06  Hydralisk x4  
  107  9:09  Overlord x5  
  115  9:23  Overlord x4  
  115  9:26  Zerg Ground Armor Level 2  
  115  9:27  Infestation Pit  
  114  9:37  Hydralisk x4  
  117  9:56  Queen  
  119  10:00  Hydralisk  
  119  10:01  Hydralisk x4  
  129  10:18  Spine Crawler  
  129  10:21  Hydralisk, Spine Crawler x2  
  127  10:22  Hydralisk x3, Spore Crawler  
  125  10:49  Drone x3  
  128  10:52  Drone  
  129  10:59  Drone  
  129  11:00  Drone x3  
  129  11:02  Hive  
  133  11:07  Infestor  
  135  11:11  Hydralisk x7  
  135  11:12  Hydralisk  
  148  11:22  Baneling x3  
  148  11:23  Zergling x4  
  148  11:24  Zergling x8  
  139  11:39  Zergling x10  
  134  11:42  Baneling x9  
  130  11:51  Zergling x10  
  115  12:10  Hydralisk x4  
  123  12:21  Zergling x8  
  127  12:31  Hatchery  
Tags
 
Add a new tag
Caveats
  • Supply blocks, unpowered buildings, or Contaminate may cause inaccurate times.
  • Supply counts are checked every 10 seconds.